 Dungeon Crawl Stone Soup version 0.24-a0-417-g1cce26a4d2 (webtiles) character file.

Game seed: 8851722169602828662

16992 Mrkan the Blocker (level 12, -5/114 HPs)
             Began as a Gargoyle Fighter on June 10, 2019.
             Was a Believer of Ashenzari.
             Slain by a komodo dragon (10 damage)
             ... on level 1 of the Lair of Beasts.
             The game lasted 00:31:06 (13015 turns).

Mrkan the Blocker (Gargoyle Fighter)               Turns: 13015, Time: 00:31:07

Health: -5/114     AC: 29    Str: 26    XL:     12   Next: 43%
Magic:  12/12      EV:  7    Int:  9    God:    Ashenzari [**....]
Gold:   657        SH: 14    Dex: 13    Spells: 11/11 levels left

rFire    . . .     SeeInvis .   r - +1 flail (crush) (curse)
rCold    . . .     Gourm    .   c - +0 shield
rNeg     + . .     Faith    .   n - +0 plate armour (curse)
rPois    ∞         Spirit   .   t - +2 hat (curse)
rElec    +         Reflect  .   A - +0 cloak (curse)
rCorr    .         Harm     .   (no gloves)
MR       .....                  V - +0 pair of boots
Stlth    ..........             (no amulet)
HPRegen  0.29/turn              s - ring of stealth
MPRegen  0.13/turn              (no ring)

@: berserking, very quick
A: negative energy resistance 1, electricity resistance, unbreathing,
petrification resistance, rot immunity, AC +8
a: Curse Item, Scrying, Renounce Religion


You were on level 1 of the Lair of Beasts.
You worshipped Ashenzari.
Ashenzari was pleased with you.
You were hungry.

You visited 3 branches of the dungeon, and saw 14 of its levels.

You collected 657 gold pieces.

Inventory:

Hand Weapons
 r - a cursed +1 flail of crushing (weapon)
 T - a +0 dire flail
Missiles
 b - 7 atropa-tipped darts (quivered)
 B - 30 boomerangs
Armour
 c - a +0 shield (worn)
 l - the +3 ring mail of Tenacity {rN+ rCorr}
   (You found it on level 11 of the Dungeon)

   It protects you from negative energy.
   It provides partial protection from all sources of acid and corrosion.
 n - a cursed +0 plate armour (worn)
 t - a cursed +2 hat (worn)
 A - a cursed +0 cloak (worn)
 V - a +0 pair of boots (worn)
Jewellery
 s - a ring of stealth (left hand)
 C - a +2 amulet of reflection
Wands
 d - a wand of random effects (24)
 u - a wand of polymorph (27)
 y - a wand of paralysis (3)
 F - a wand of digging (10)
 G - a wand of iceblast (8)
 I - a wand of enslavement (8)
 W - a wand of scattershot (7)
Scrolls
 g - 7 scrolls of teleportation
 h - 2 scrolls of enchant weapon
 i - 5 scrolls of magic mapping
 m - 6 scrolls of identify
 o - 2 scrolls of immolation
 p - 4 scrolls of blinking
 q - a scroll of remove curse
 v - a scroll of vulnerability {unknown}
 x - 3 scrolls of amnesia
 E - a scroll of fear
 Q - a scroll of noise
Potions
 a - a potion of cancellation {unknown}
 e - a potion of agility {unknown}
 j - 3 potions of haste {unknown}
 k - 3 potions of lignification
 w - a potion of magic
 z - 3 potions of curing
 D - a potion of mutation
 L - 2 potions of flight {unknown}
 M - a potion of degeneration {unknown}
 O - a potion of ambrosia {unknown}
Miscellaneous
 U - a phial of floods
Comestibles
 f - 19 rations


   Skills:
 - Level 9.3 Fighting
 - Level 10.1(12.2) Maces & Flails
 + Level 9.9(12.0) Armour
 * Level 14.1 Shields


You had 11 spell levels left.
You didn't know any spells.
Your spell library contained the following spells:

 Spells                   Type           Power        Failure   Level  Hunger
 Beastly Appendage        Tmut           #.....       98%         1    ##.....
 Flame Tongue             Conj/Fire      #....        98%         1    ##.....
 Magic Dart               Conj           #...         98%         1    ##.....
 Blink                    Tloc           N/A          99%         2    ###....
 Call Imp                 Summ           #.......     99%         2    ###....
 Slow                     Hex            #.......     99%         2    ###....
 Sticks to Snakes         Tmut           #.......     99%         2    ###....
 Throw Flame              Conj/Fire      #.....       99%         2    ###....
 Conjure Flame            Conj/Fire      #.......     100%        3    ####...
 Inner Flame              Hex/Fire       #.......     100%        3    ####...
 Mephitic Cloud           Conj/Pois/Air  #.......     100%        3    ####...
 Spider Form              Tmut/Pois      #.........   100%        3    ####...
 Ice Form                 Ice/Tmut       #.......     100%        4    #####..
 Sticky Flame             Conj/Fire      #.......     100%        4    #####..
 Blade Hands              Tmut           #.........   100%        5    ######.
 Fireball                 Conj/Fire      #.........   100%        5    ######.


Dungeon Overview and Level Annotations

Branches:
Dungeon (11/15)            Temple (1/1) D:6            Lair (2/6) D:9
    Orc (0/2) D:9
  Swamp: Lair:2-4    Shoals: Lair:2-4     Snake: Lair:2-4    Spider: Lair:2-4

Altars:
Ashenzari
Cheibriados
Dithmenos
Elyvilon
Fedhas
Gozag
Hepliaklqana
Kikubaaqudgha
Makhleb
Nemelex Xobeh
Okawaru
Qazlal
Ru
Sif Muna
Trog
Uskayaw
Vehumet
Wu Jian
Xom
Yredelemnul
Zin
The Shining One

Shops:
D:8 !

Annotations:
D:9 1 runed translucent door


Innate Abilities, Weirdness & Mutations

You are resistant to torment.
Your stone body is resilient. (AC +8)
You are immune to poison.
You resist negative energy. (rN+)
You are resistant to electric shocks. (rElec)
You can survive without breathing.
You are immune to petrification.
You are immune to rotting.


Message History

* * * LOW HITPOINT WARNING * * *
The komodo dragon bites you.
* * * LOW HITPOINT WARNING * * *
A red film seems to cover your vision as you go berserk!
You feel yourself moving faster!
You feel mighty! The spiny frog stings you!
* * * LOW HITPOINT WARNING * * *
You block the komodo dragon's attack.
You sock the spiny frog!
The spiny frog is almost dead.
You hit the spiny frog.
The spiny frog is almost dead.
The spiny frog stings you!
* * * LOW HITPOINT WARNING * * *
You block the komodo dragon's attack.
You bludgeon the spiny frog!!
You kill the spiny frog!
You sock the komodo dragon!
The komodo dragon is moderately wounded.
The komodo dragon bites you!
You die...

###### ### #### ### ###
.#.#.#########.####..###.###.####
.................................
#....####..................Y...Y.
#....#......#.........(........##
#....#......#.>l@>.####..##....#.
#.......)...#......###.#.##....#.
#...................#....##...Y..
#....#.............#.....#.....#.
#....#......#......##..........#.
#....#......#......##....#.......
#....##..###.........#####.....#.
...................######......##
.................................


You could see a komodo dragon.

Vanquished Creatures
  Erolcha (D:9)
  A hydra (D:8)
  A centaur warrior (D:11)
  2 two-headed ogres
  Nergalle (D:10)
  A manticore (D:11)
  Joseph (D:8)
  A gargoyle (D:10)
  4 spiny frogs (Lair:1)
  2 komodo dragons
  Grinder (D:5)
  Prince Ribbit (D:9)
  A hippogriff (D:8)
  2 dream sheep (D:8)
  2 wyverns
  A wraith (D:10)
  5 yaks
  2 hungry ghosts
  Menkaure (D:6)
  3 porcupines (Lair:1)
  2 water moccasins (Lair:1)
  8 orc warriors
  3 black bears
  4 ogres
  7 sky beasts
  2 ice beasts
  5 wolves (Lair:1)
  2 phantoms
  7 centaurs
  A crocodile (Lair:1)
  4 big kobolds
  7 bullfrogs
  3 scorpions
  A water moccasin skeleton (D:10)
  3 killer bees (D:11)
  12 wights
  2 howler monkeys
  11 crimson imps
  3 hounds (D:8)
  A centaur zombie (D:4)
  4 bullfrog zombies
  4 jellies
  2 quasits
  8 orc priests
  3 centaur skeletons
  Jessica (D:2)
  2 bullfrog skeletons
  3 iguanas
  8 orc wizards
  6 worker ants
  A worker ant zombie (D:8)
  7 gnolls
  13 adders
  3 shadow imps
  2 oozes (D:1)
  An adder skeleton (D:8)
  4 worms
  2 dart slugs (D:1)
  4 leopard geckos
  31 orcs
  A ball python (D:2)
  7 bats
  7 giant cockroaches
  7 goblins
  6 hobgoblins
  12 jackals
  11 kobolds
  3 quokkas
  3 frilled lizards
  A jackal skeleton (D:5)
  A quokka skeleton (D:9)
  7 rats
297 creatures vanquished.

Notes
Turn   | Place    | Note
-------+----------+-------------------------------------------
     0 | D:1      | Mrkan the Gargoyle Fighter began the quest for the Orb.
     0 | D:1      | Reached XP level 1. HP: 14/14 MP: 1/1
    41 | D:1      | Reached XP level 2. HP: 13/19 MP: 2/2
   282 | D:1      | Reached XP level 3. HP: 20/24 MP: 3/3
   838 | D:2      | Noticed Jessica
   864 | D:2      | Killed Jessica
   864 | D:2      | Reached XP level 4. HP: 11/29 MP: 4/4
  1197 | D:2      | Found a faded altar of an unknown god.
  1367 | D:2      | Reached XP level 5. HP: 31/34 MP: 5/5
  2184 | D:4      | Noticed a centaur
  2199 | D:4      | Killed a centaur
  2199 | D:4      | Reached skill level 5 in Fighting
  2199 | D:4      | Reached skill level 5 in Maces & Flails
  2199 | D:4      | Reached XP level 6. HP: 25/40 MP: 6/6
  2878 | D:5      | Entered Level 5 of the Dungeon
  2879 | D:5      | Noticed a sky beast
  2887 | D:5      | Reached XP level 7. HP: 44/44 MP: 7/7
  3809 | D:6      | Reached XP level 8. HP: 47/52 MP: 8/8
  3915 | D:6      | Noticed Grinder
  4405 | D:6      | Paralysed by Grinder for 5 turns
  4423 | D:5      | Paralysed by Grinder for 5 turns
  4434 | D:5      | Paralysed by Grinder for 3 turns
  4438 | D:5      | Killed Grinder
  4656 | D:5      | Reached XP level 9. HP: 48/59 MP: 9/9
  4677 | D:6      | Noticed Menkaure
  4689 | D:6      | Killed Menkaure
  4786 | D:6      | Reached skill level 10 in Maces & Flails
  4834 | D:6      | Found a staircase to the Ecumenical Temple.
  4839 | Temple   | Entered the Ecumenical Temple
  4961 | Temple   | Became a worshipper of Ashenzari the Shackled
  5323 | D:6      | Found a burning altar of Makhleb.
  5334 | D:6      | Found a glowing silver altar of Zin.
  5334 | D:6      | Found an opulent altar of Gozag.
  5793 | D:7      | Reached skill level 4 in Shields
  5923 | D:7      | Found a snail-covered altar of Cheibriados.
  6102 | D:7      | Found a blossoming altar of Fedhas.
  6111 | D:7      | Reached skill level 5 in Shields
  6225 | D:7      | Found a glowing golden altar of the Shining One.
  6800 | D:8      | Noticed Joseph
  6826 | D:8      | Killed Joseph
  6826 | D:8      | Reached skill level 6 in Shields
  6826 | D:8      | Reached XP level 10. HP: 54/66 MP: 10/10
  6914 | D:8      | Reached skill level 7 in Shields
  7141 | D:8      | Reached skill level 8 in Shields
  7349 | D:8      | Found Itoe's Distillery.
  7462 | D:8      | Reached skill level 5 in Armour
  7509 | D:8      | Reached skill level 9 in Shields
  7575 | D:8      | Noticed a two-headed hydra
  7591 | D:8      | Killed a two-headed hydra
  7591 | D:8      | Reached skill level 10 in Shields
  7650 | D:8      | Reached * piety under Ashenzari
  7904 | D:8      | Reached XP level 11. HP: 71/71 MP: 11/11
  8219 | D:9      | Found a runed translucent door.
  8296 | D:9      | Noticed Erolcha
  8297 | D:9      | Paralysed by Erolcha for 3 turns
  8310 | D:9      | Paralysed by Erolcha for 7 turns
  8329 | D:9      | Killed Erolcha
  8329 | D:9      | Reached skill level 11 in Shields
  8490 | D:9      | Found a staircase to the Lair.
  8700 | D:9      | Found a glowing golden altar of the Shining One.
  8755 | D:9      | Found a staircase to the Orcish Mines.
  8759 | D:9      | Noticed Prince Ribbit
  8769 | D:9      | Killed Prince Ribbit
  9053 | D:10     | Entered Level 10 of the Dungeon
  9669 | D:10     | Noticed Nergalle
  9670 | D:10     | Noticed a two-headed ogre
  9722 | D:9      | HP: 2/71 [two-headed ogre/+0 giant club (23)]
  9771 | D:9      | Killed a two-headed ogre
 10020 | D:10     | Noticed a spectral orc warlord
 10030 | D:10     | Killed Nergalle
 10030 | D:10     | Reached skill level 12 in Shields
 10934 | D:11     | Noticed a manticore
 10957 | D:11     | Killed a manticore
 11104 | D:11     | Noticed a two-headed ogre
 11441 | D:11     | Killed a two-headed ogre
 11441 | D:11     | Reached skill level 13 in Shields
 11508 | D:11     | Noticed a centaur warrior
 11538 | D:11     | Killed a centaur warrior
 11538 | D:11     | Reached XP level 12. HP: 51/76 MP: 12/12
 11670 | D:11     | Identified the +3 ring mail of Tenacity {rN+ rCorr}
 11908 | Lair:1   | Entered Level 1 of the Lair of Beasts
 12244 | Lair:1   | Reached ** piety under Ashenzari
 12760 | Lair:1   | Reached skill level 14 in Shields
 13013 | Lair:1   | HP: 5/114 [spiny frog (7)]
 13015 | Lair:1   | Slain by a komodo dragon

Levels and vault maps discovered:
D:1:      sevenhm_arrival_forest_fort_small_6, layout_loops_ring
D:2:      kennysheep_the_goblin_king, layout_rooms,
          chequers_ecumenical_altar_island, uniq_jessica
D:3:      layout_loops_ring
D:4:      cheibrodos_helix_gallery, layout_loops_ring
D:5:      layout_gridville, first_ration
D:6:      layout_basic, minitemple, minmay_temple_entry_arrows,
          corexii_item_surrounded_by_moat, grunt_ministairs_1, uniq_grinder,
          uniq_menkaure
D:7:      layout_loops_ring, hangedman_feature_mirror, cheibrodos_worm_habitat
D:8:      layout_basic, serial_shops, nicolae_shop_waterfront, hangedman_ranch
          [blue_anna_fruit_fields], uniq_joseph
D:9:      layout_loops_corners, tso_altar, lair_entry_dummy, orc_0_dummy,
          minmay_st_funbox, uniq_prince_ribbit1, uniq_erolcha
D:10:     layout_basic, uniq_nergalle
D:11:     layout_basic, gauntlet_entry_generic, lightli_fourway_metalbox
Temple:   regret_index_temple_mists
Lair:1:   layout_regular_city
Lair:2:   layout_misc_corridors, guppyfry_snake_entry_island

Skill      XL: |  1  2  3  4  5  6  7  8  9 10 11 12 |
---------------+-------------------------------------+-----
Maces & Flails | 3 4 5 6 7 9 10 | 10.1
Fighting       | 4 5 6 7 9 |  9.3
Shields        | 6 10 13 14 | 14.1
Armour         | 6 9 |  9.9

Action                   |  1- 3 |  4- 6 |  7- 9 | 10-12 || total
-------------------------+-------+-------+-------+-------++-------
Melee: Flail             |   121 |   206 |   481 |  1023 ||  1831
Invok: Curse Item        |       |       |     2 |     2 ||     4
Evoke: Wand              |       |       |     1 |     1 ||     2
  Use: Scroll            |       |     2 |     6 |    13 ||    21
       Potion            |       |     1 |     3 |     7 ||    11
  Eat: Chunk             |       |     6 |    11 |    18 ||    35
       Ration            |       |       |     1 |     3 ||     4
Armor: Scale mail        |    87 |    28 |       |       ||   115
       Plate armour      |       |   121 |   343 |   579 ||  1043
Dodge: Dodged            |    52 |    34 |    43 |   165 ||   294
Block: Shield            |    67 |   103 |   215 |   670 ||  1055

Table legend:
 A = Non-vault XP
 B = Vault XP
 C = Vault XP percentage of total XP
 D = Non-vault monster count
 E = Vault monster count
 F = Vault count percentage of total count
                 A         B        C        D         E       F
            +---------+---------+-------+---------+---------+-------
      Total |   17413 |    6862 |  28.3 |     268 |      29 |   9.8
            +---------+---------+-------+---------+---------+-------
        D:1 |      61 |       0 |   0.0 |      28 |       0 |   0.0
        D:2 |      63 |      51 |  44.7 |      15 |       8 |  34.8
        D:3 |      59 |       0 |   0.0 |      19 |       0 |   0.0
        D:4 |     340 |       0 |   0.0 |      10 |       0 |   0.0
        D:5 |    1145 |     286 |  20.0 |      19 |       1 |   5.0
        D:6 |    1170 |     172 |  12.8 |      25 |       1 |   3.8
        D:7 |     709 |      67 |   8.6 |      22 |       3 |  12.0
        D:8 |    2485 |    2646 |  51.6 |      41 |       9 |  18.0
        D:9 |    1597 |    1263 |  44.2 |      23 |       2 |   8.0
       D:10 |    2094 |     804 |  27.7 |      17 |       1 |   5.6
       D:11 |    3352 |    1573 |  31.9 |      27 |       4 |  12.9
     Lair:1 |    4338 |       0 |   0.0 |      22 |       0 |   0.0
            +---------+---------+-------+---------+---------+-------
